 Dungeon Crawl Stone Soup version 0.27-a0-965-gbf8bb431c4 (webtiles) character file.

Game seed: 5558638566566346907

17 leviel the Magician (level 2, -2/21 HPs)
             Began as a Djinni Ice Elementalist on Apr 12, 2021.
             Killed by Freeze
             ... generated by an endoplasm
              (7 damage)
             ... on level 1 of the Dungeon.
             The game lasted 00:01:14 (663 turns).

leviel the Magician (Djinni Ice Elementalist)        Turns: 663, Time: 00:01:14

Health: -2/21      AC:  3    Str:  7    XL:     2   Next: 62%
Gold:   15         EV: 12    Int: 16    God:
                   SH:  0    Dex: 13

rFire    + + .     SeeInvis .   (no weapon)
rCold    x . .     Faith    .   (no shield)
rNeg     . . .     Spirit   .   a - +1 robe
rPois    ∞         Reflect  .   (no helmet)
rElec    .         Harm     .   (no cloak)
rCorr    .         Rampage  .   (no gloves)
Will     .....                  (boots unavailable)
Stlth    ++........             (no amulet)
HPRegen  0.07/turn              (no ring)
MPRegen  0.00/turn              (no ring)

@: flying
A: fire resistance 2, cold vulnerability 1, float, innate caster, hp casting,
extra vitality 1
a: no special abilities


You were on level 1 of the Dungeon.
You visited 1 branch of the dungeon, and saw 1 of its levels.

You collected 15 gold pieces.

Inventory:

Armour
 a - a +1 robe (worn)
Potions
 e - a potion of flight


   Skills:
 + Level 2.1 Dodging
 + Level 1.7 Stealth
 + Level 4.1 Spellcasting


You couldn't memorise any spells.
You knew the following spells:

 Your Spells              Type           Power      Damage    Failure   Level
a - Freeze                Ice            64%        1d8       3%          1
b - Frozen Ramparts       Ice            32%        1d5       9%          3
c - Ozocubu's Armour      Ice            16%        N/A       9%          3
d - Hailstorm             Conj/Ice       16%        3d6       30%         4
e - Metabolic Englaciati  Hex/Ice        8%         N/A       63%         5
Your spell library was empty.

Dungeon Overview and Level Annotations

Branches:
Dungeon (1/15)

Altars:


Innate Abilities, Weirdness & Mutations

You are immune to poison.
Your flesh is very heat resistant. (rF++)
You are vulnerable to cold. (rC-)
You float through the air rather than walking.
You learn spells naturally, not from books.
Your magical power is your life essence.
You have superior vitality. (+4 HP)


Message History

The goblin hits you with a +0 dagger.
You freeze the goblin.
You kill the goblin!
You can't see any susceptible monsters within range! (Use Z to cast anyway.)
A rat comes into view.
A dart slug comes into view.
There are monsters nearby!
There are monsters nearby!
An endoplasm comes into view.
Found a stone staircase leading down.
You can't see any susceptible monsters within range! (Use Z to cast anyway.)
You can't see any susceptible monsters within range! (Use Z to cast anyway.)
The endoplasm quivers.
The endoplasm hits you but does no damage.
You miscast Freeze.
You are very lightly contaminated with residual magic.
Nothing appears to happen.
The endoplasm freezes you.
You are frozen.
You feel a terrible chill! The dart slug launches a dart at you.
The slug dart hits you!
You see here a +0 dagger.
Your magical contamination has completely faded away.
You are too injured to fight recklessly!
Casting: Freeze (safe; 3% risk of failure)
Confirm with . or Enter, or press ? or * to list all spells.
Aiming: Freeze (safe; 3% risk of failure)
Press: ? - help, Shift-Dir - straight line, f/p - endoplasm
Aim: an endoplasm You freeze the endoplasm.
The endoplasm is moderately wounded.
The endoplasm freezes you.
You are frozen.
You feel a terrible chill!
* * * LOW HITPOINT WARNING * * *
You feel your willpower return.
Things that are here:
a +0 whip; 4 stones
There is a faded altar of an unknown god here.
The endoplasm freezes you.
You are frozen!
You feel a terrible chill!
You die...

....##....................#.#.###
....##........................#
+#####........................#
.#####..........≈≈≈...........#
................≈r≈..##########
.......#######..≈≈≈..# .......#
#.......# .......# #.......#
.####### #..@J...# .# #.......#
## ######### ### ..# ###### ..#
#....# ..# #.≈.. ..# #...##♣♣#
..# #.≈.'...#


You could see an endoplasm and a rat.

Vanquished Creatures
  An endoplasm (D:1)
  2 giant cockroaches (D:1)
  A goblin (D:1)
  2 hobgoblins (D:1)
  A quokka (D:1)
  2 ball pythons (D:1)
  2 bats (D:1)
  3 frilled lizards (D:1)
  2 kobolds (D:1)
  2 rats (D:1)
18 creatures vanquished.

Notes
Turn   | Place    | Note
-------+----------+-------------------------------------------
     0 | D:1      | leviel the Djinni Ice Elementalist began the quest for the
                  | Orb.
     0 | D:1      | Reached XP level 1. HP: 15/15 MP: 0/0
     4 | D:1      | Noticed an anaconda
   147 | D:1      | Found a faded altar of an unknown god.
   339 | D:1      | Reached XP level 2. HP: 20/21 MP: 0/0
   363 | D:1      | Reached skill level 4 in Spellcasting
   663 | D:1      | Killed from afar by an endoplasm

Illustrated notes

Levels and vault maps discovered:
D:1:      sevenhm_arrival_forest_fort_small_2, layout_basic,
          hellmonk_ecumenical_altar_pennies_from_heaven, hex_tiny,
          minmay_quantized

Skill      XL: |  1  2 |
---------------+-------+-----
Spellcasting   | 4 |  4.1
Dodging        | |  2.1
Stealth        | |  1.7

Action                   || total
-------------------------++-------
Melee: Unarmed           ||     3
 Cast: Freeze            ||    24
  Use: Scroll            ||     4
Armor: Robe              ||     7
Dodge: Dodged            ||    16

Table legend: (Time is in decaauts)
 A = Elapsed time spent in this place.
 B = Non-inter-level travel time spent in this place.
 C = Inter-level travel time spent in this place.
 D = Time resting spent in this place.
 E = Time spent auto-exploring this place.
 F = Levels seen in this place.
 G = Mean time per level.
                   A        B        C        D        E       F      G
               +--------+--------+--------+--------+--------+-----+--------+
         Total |    663 |    663 |      0 |      0 |    508 |   1 |  663.0 |
       Dungeon |    663 |    663 |      0 |      0 |    508 |   1 |  663.0 |
               +--------+--------+--------+--------+--------+-----+--------+

Top non-repeatable levels by time:
     D:1: 663 daAuts
